Construct Infanterie Kompanie
Selects Luftwaffe Battlegroup
Selects Luftwaffe Pioneer Support
Fallschirmpioneer Squad Paradrop
Construct Panzergrenadier Kompanie
Selects Reconnaissance Run
Pak 40 Anti-tank Gun Team
Selects Fallschirmjäger Squad Paradrop
Fallschirmjäger Squad Paradrop
Fallschirmjäger Squad Paradrop
Panzergrenadier Officer Quarters
Selects LG40 Recoilless Gun Paradrop
Selects Infantry Reserves
Construct Panzer Kompanie